 Dungeon Crawl Stone Soup version 0.31-a0-187-gba352fbbf7 (webtiles) character file.

Game seed: 16970972577007632420

0 innerfire43 the Trooper (level 1, -4/18 HPs)
             Began as a Demonspawn Monk on June 22, 2023.
             Slain by a gnoll
             ... wielding a +0 spear
              (7 damage)
             ... on level 1 of the Dungeon.
             The game lasted 00:00:05 (19 turns).

innerfire43 the Trooper (Demonspawn Monk)             Turns: 19, Time: 00:00:05

Health: -4/18      AC:  2    Str: 11    XL:     1   Next: 8%
Magic:  1/1        EV: 13    Int: 11    God:
Gold:   0          SH:  0    Dex: 15    Spells: 0/0 levels left

rFire   . . .        a - +0 hand axe
rCold   . . .        d - orb {light}
rNeg    . . .        b - +0 robe
rPois   .            (no helmet)
rElec   .            (no cloak)
rCorr   .            (no gloves)
SInv    .            (no boots)
Will    .....        (no amulet)
Stlth   +            (no ring)
HPRegen 0.23/turn    (no ring)
MPRegen 0.07/turn

%: no passive effects
@: glowing
A: no striking features
a: no special abilities


You were on level 1 of the Dungeon.
You visited 1 branch of the dungeon, and saw 1 of its levels.

Inventory:

Hand Weapons
 a - a +0 hand axe (weapon)
Armour
 b - a +0 robe (worn)
 d - an orb of light (worn)
Scrolls
 e - a scroll of identify {unknown}
Potions
 c - a potion of ambrosia


   Skills:
 + Level 3.0 Fighting
 + Level 2.7 Axes
 + Level 2.7 Dodging


You couldn't memorise any spells.
You didn't know any spells.
Your spell library was empty.

Dungeon Overview and Level Annotations

Branches:
Dungeon (1/15)

Altars:


Message History

Press ? for a list of commands and other information.
Found a staircase leading out of the dungeon.
There is a fountain of clear blue water here.
Found a robe.
e - a scroll labelled RARETA VIURAI A kobold and an endoplasm come into view.
The kobold shouts!
The endoplasm quivers.
A bat comes into view.
The endoplasm moves out of view.
There are monsters nearby!
A gnoll comes into view. It is wielding a +0 spear.
Found a scroll labelled REDOUTOAJO.
The gnoll shouts!
You hit the bat.
You kill the bat!
The gnoll hits you from afar with a +0 spear.
There are monsters nearby!
You hit the kobold but do no damage.
The endoplasm jiggles.
The kobold closely misses you.
The gnoll hits you from afar with a +0 spear.
You hit the kobold.
The kobold is heavily wounded.
The gnoll hits you from afar with a +0 spear.
* * * LOW HITPOINT WARNING * * *
The kobold hits you with a +0 dagger.
* * * LOW HITPOINT WARNING * * *
There are monsters nearby!
You are too injured to fight recklessly!
There are monsters nearby!
You are too injured to fight recklessly!
You are too injured to fight recklessly!
You are too injured to fight recklessly!
You hit the kobold.
You kill the kobold!
You hit the endoplasm but do no damage.
A bat comes into view.
The gnoll hits you from afar with a +0 spear!
You die...

#.# #......
..###.. b.#...#
....... ......# ?.
......#......#
...##............
...........g.....
#.......#)J..#..
#..[..#..@#.....
#.....##......#
#..†.......# .
##.....#....##
..##......####...
.......#..........
.......#..........
..................
.....##.#######.#


You could see a gnoll, an endoplasm and a bat (wandering).

Vanquished Creatures
  A kobold (D:1)
  A bat (D:1)
2 creatures vanquished.

Notes
Turn   | Place    | Note
-------+----------+-------------------------------------------
     0 | D:1      | innerfire43 the Demonspawn Monk began the quest for the
                  | Orb.
     0 | D:1      | Reached XP level 1. HP: 18/18 MP: 1/1
    19 | D:1      | Slain by a gnoll

Illustrated notes

Levels and vault maps discovered:
D:1:      scummos_arrival_forest, layout_basic, chequers_serial_rivers_micro_a

Action                     || total
---------------------------++-------
  Melee: Hand axe          ||     4
  Dodge: Dodged            ||     1

Table legend: (Time is in decaauts)
 A = Elapsed time spent in this place.
 B = Non-inter-level travel time spent in this place.
 C = Inter-level travel time spent in this place.
 D = Time resting spent in this place.
 E = Time spent auto-exploring this place.
 F = Levels seen in this place.
 G = Mean time per level.
                   A        B        C        D        E       F      G
               +--------+--------+--------+--------+--------+-----+--------+
         Total |     19 |     19 |      0 |      0 |     10 |   1 |   19.0 |
       Dungeon |     19 |     19 |      0 |      0 |     10 |   1 |   19.0 |
               +--------+--------+--------+--------+--------+-----+--------+

Top non-repeatable levels by time:
     D:1: 19 daAuts
